 Dungeon Crawl Stone Soup version 0.17.0-28-g6e173f8 (webtiles) character file.

156183 M4edhros the Unseen (level 17, -3/103 HPs)
             Began as an Octopode Artificer on Nov 29, 2015.
             Was an Elder of Fedhas.
             Slain by a ghost moth (10 damage)
             ... on level 3 of the Spider Nest on Nov 30, 2015.
             The game lasted 02:45:09 (44302 turns).

M4edhros the Unseen (Octopode Artificer)           Turns: 44302, Time: 02:45:09

Health: -3/103     AC:  7    Str: 12 (14) XL:     17   Next: 66%
Magic:  10/36      EV: 24    Int: 18 (20) God:    Fedhas [****..]
Gold:   2553       SH:  8    Dex: 10 (12) Spells: 6 memorised, 13 levels left

rFire  + + +     SeeInvis .     t - +9 hunting sling (flame)
rCold  + . .     Clarity  +     k - +2 buckler {reflect}
rNeg   + . .     SustAt   .     N - +2 hat
rPois  +         Gourm    .     B - amulet of warding (curse)
rElec  .         Spirit   .     j - +5 ring of evasion
rCorr  .         Warding  +     h - +2 ring of evasion
rMut   .         Stasis   .     R - ring of Brilliance {*Drain rPois rF+++ Str+3 Dex-3} (curse)
MR     +....                    v - ring of ice
Stlth  ++++++++..               C - ring of magical power
                                L - +4 ring of protection
                                Z - ring of wizardry
                                Y - ring of wizardry

@: repel missiles, somewhat resistant to hostile enchantments, extraordinarily
stealthy
A: almost no armour, amphibious, 8 rings, constrict 8, camouflage 1, agile 1,
blurry vision 1, clarity, deterioration 1, fire resistance 2, poison resistance,
slow regeneration 1, gelatinous body 1
a: Evolution, Sunlight, Growth, Reproduction, Renounce Religion


You were on level 3 of the Spider Nest.
You worshipped Fedhas.
Fedhas was greatly pleased with you.
You were near starving.

You visited 6 branches of the dungeon, and saw 34 of its levels.
You also visited: Labyrinth and Bailey.

You collected 3908 gold pieces.
You spent 1355 gold pieces at shops.

Inventory:

Hand Weapons
 t - a +9 hunting sling of flaming (weapon)
 V - the +8 trident of the Octopus King {venom, rElec rPois MR+}
   (You took it off a deep elf annihilator on level 3 of the Elven Halls)

   It poisons the flesh of those it strikes.
   It insulates you from electricity.
   It protects you from poison.
   It affects your resistance to hostile enchantments.
Missiles
 f - 322 stones (quivered)
 i - 61 sling bullets
 s - 17 exploding sling bullets
Armour
 k - a +2 buckler of reflection (worn)
 N - a +2 hat (worn)
Rods
 a - a +1 rod of clouds (9/9)
   (You acquired it on level 10 of the Dungeon)
 c - a +3 rod of clouds (14/14)
   (You took it off a minotaur in a labyrinth)
 w - a +8 iron rod (10/10)
   (You found it in a labyrinth)
 W - a +2 rod of ignition (14/14)
   (You took it off a deep elf annihilator on level 3 of the Elven Halls)
Jewellery
 h - a +2 ring of evasion (right tentacle)
 j - a +5 ring of evasion (left tentacle)
 q - an uncursed amulet of regeneration
 v - a ring of ice (on tentacle)
 B - a cursed amulet of warding (around mantle)
 C - a ring of magical power (on tentacle)
 L - a +4 ring of protection (on tentacle)
 R - the cursed ring of Brilliance (on tentacle) {*Drain rPois rF+++ Str+3 Dex-3}
   (You found it on level 2 of the Lair of Beasts)

   [ring of dexterity]

   It affects your strength (+3).
   It affects your dexterity (-3).
   It renders you almost immune to fire.
   It protects you from poison.
   It causes draining when unequipped.
   It has a curse placed upon it.
 Y - a ring of wizardry (on tentacle)
 Z - a ring of wizardry (on tentacle)
Wands
 d - a wand of paralysis (15)
 m - a wand of digging (16)
 u - a wand of lightning (6)
 A - a wand of teleportation (5)
 E - a wand of slowing (23)
 K - a wand of disintegration (15)
 O - a wand of polymorph (14)
 P - a wand of lightning (8)
Scrolls
 n - 6 scrolls of blinking
 o - 6 scrolls of recharging
 r - a scroll of enchant armour
 y - a scroll of identify
 F - 6 scrolls of teleportation
 J - 6 scrolls of magic mapping
 S - 5 scrolls of fear
Potions
 b - a potion of resistance
 l - 3 potions of lignification
 p - a potion of agility
 z - 3 potions of might
 G - a potion of haste
 H - 4 potions of magic
 M - 9 potions of curing
 T - a potion of cancellation
 X - 2 potions of heal wounds
Miscellaneous
 U - a lamp of fire
Comestibles
 e - 11 bread rations
 g - 5 slices of pizza
 x - 17 fruits
 I - 8 royal jellies
 Q - a meat ration


   Skills:
 - Level 5.1 Fighting
   Level 1.0 Short Blades
 + Level 11.1 Slings
 + Level 11.6 Dodging
 + Level 15.4 Stealth
 + Level 10.5 Shields
 + Level 7.0 Spellcasting
 * Level 3.8 Conjurations
 + Level 2.6 Hexes
 * Level 6.4 Charms
 + Level 2.4 Transmutations
 + Level 5.8 Air Magic
 + Level 2.4 Earth Magic
 + Level 3.4 Poison Magic
 * Level 13.8 Invocations
 * Level 13.6 Evocations


You had 13 spell levels left.
You knew the following spells:

 Your Spells              Type           Power        Failure   Level  Hunger
a - Repel Missiles        Chrm/Air       ####..       1%          2    None
b - Swiftness             Chrm/Air       ####....     1%          2    None
c - Mephitic Cloud        Conj/Pois/Air  ###.....     1%          3    ##.....
d - Silence               Hex/Air        ###.......   17%         5    #####..
e - Stone Arrow           Conj/Erth      ###...       3%          3    ##.....
f - Stoneskin             Trmt/Erth      ###.....     2%          2    None


Dungeon Overview and Level Annotations

Branches:
Dungeon (15/15)            Temple (1/1) D:7            Lair (8/8) D:9
 Shoals (0/4) Lair:4       Spider (3/4) Lair:4        Slime (0/6) Lair:6
    Orc (4/4) D:9             Elf (3/3) Orc:4        Vaults (0/5) D:14
 Depths: D:15

Altars:
Ashenzari
Cheibriados
Dithmenos
Elyvilon
Fedhas
Gozag
Kikubaaqudgha
Makhleb
Nemelex Xobeh
Okawaru
Qazlal
Ru
Sif Muna
Trog
Vehumet
Xom
Yredelemnul
Zin
The Shining One
Beogh

Shops:
D:4 (   D:15 [   Orc:4 [(:*   Elf:1 %

Annotations:
D:4 DLukey's ghost, amateur OpVM; Robin
D:7 lucasterio's ghost, novice GrEE
D:8 Statics's ghost, novice DrMo
D:15 exclusion: Roxanne, Roxanne


Innate Abilities, Weirdness & Mutations

You cannot wear most types of armour.
You are amphibious.
You can wear up to eight rings at the same time.
You can use your tentacles to constrict eight enemies at once.
Your skin changes colour to match your surroundings (Stealth).
Your rubbery body absorbs attacks (AC +1).
You are agile. (Dex +2)
Scrolls take you a little longer to read.
You possess an exceptional clarity of mind.
Your body sometimes deteriorates upon taking damage.
Your flesh is very heat resistant.
Your system is resistant to poisons.
You regenerate slowly when monsters are visible.


Message History

The ghost moth hits you but does no damage.
The ghost moth stings you.
* * * LOW HITPOINT WARNING * * *
Evoke which item? (* to show all) (? for menu, Esc to quit)
Zapping:
d - a wand of paralysis (will waste charges)
Press: ? - help, Shift-Dir - straight line, f - ghost moth
Aim: a ghost moth (slightly transparent, haloed, chance to defeat MR: 11%)
The ghost moth resists with almost no effort.
Evoking this partially-identified wand wasted a few charges.
Your skill with magical items lets you calculate the power of this device...
This wand has 15 charges left.
The ghost moth stares at you.
You feel your power leaking away. The ghost moth hits you!
* * * LOW HITPOINT WARNING * * *
The ghost moth hits you.
* * * LOW HITPOINT WARNING * * *
The ghost moth stings you!
You die...
Fedhas appreciates your contribution to the ecosystem.

##^.##f...# #
#...f####.## #....#.# ##
#....##.# ##. ######..#
#.. #......# #.. ###
##../####.#.
####^.###......####.
#.#@####....##....##
#..((#yf##.....##.....#.
#....###f###.#####....##
..(≈#.# #ff.#..# ##....#
.#≈ .. ##...### ##....
≈≈ ≈## #..%.# #...^. ≈
#≈ #.#..## #.#... #
###### ######


You could see a ghost moth (invisible) and 3 friendly wandering mushrooms.

Vanquished Creatures
  Arachne (Spider:2)
  Rupert (Lair:6)
  A deep elf blademaster (Elf:3)
  Agnes (D:14)
  5 deep elf sorcerers (Elf:3)
  Maud (D:14)
  2 emperor scorpions (Spider:2)
  3 deep elf demonologists (Elf:3)
  9 deep elf annihilators
  2 deep elf death magi (Elf:3)
  2 vault guards (D:14)
  A deep elf high priest (Elf:3)
  A minotaur (Lab)
  3 centaur warriors
  9 hydras
  An entropy weaver (Spider:3)
  A catoblepas (Lair:8)
  The ghost of M4edhros the Covert, a journeyman OpAr of Fedhas (D:11)
  Urug (Lair:3)
  Nergalle (Orc:2)
  An orc high priest (Orc:4)
  2 skeletal warriors (D:12)
  5 deep elf knights
  2 unseen horrors
  4 hill giants
  11 deep elf summoners
  17 deep elf conjurers
  2 orc knights
  9 wolf spiders
  9 orb spiders
  2 manticores (D:15)
  3 orc sorcerers (Orc:4)
  2 griffons (Lair:7)
  6 cyclopes
  An elephant (Lair:7)
  A moth of wrath (Spider:2)
  Joseph (D:9)
  5 black mambas
  12 spiny frogs
  Psyche (D:8)
  A yaktaur (shapeshifter) (Elf:3)
  A torpor snail (Spider:3)
  4 demonic crawlers
  3 centaur skeletons
  2 fire drakes (Lair:7)
  A kobold demonologist (D:13)
  6 komodo dragons
  6 trolls
  A two-headed ogre (D:12)
  10 jumping spiders
  A queen bee (Lair:2)
  2 tengu conjurers (D:15)
  A spriggan druid (Lair:8)
  6 polar bears (Lair:8)
  11 deep elf priests
  22 deep elf magi
  6 blink frogs
  A harpy skeleton (D:15)
  14 redbacks
  6 trapdoor spiders
  4 spriggans (Lair:8)
  A wraith (D:11)
  A shadow (D:15)
  8 deep elf fighters
  38 yaks
  6 tarantellas
  4 basilisks
  10 wolves (Lair:8)
  A vampire (D:13)
  3 wargs (Orc:1)
  13 hippogriffs
  3 wyverns
  3 hungry ghosts
  2 mottled dragons (D:15)
  17 water moccasins
  7 swamp worms (Lair:1)
  9 ice beasts
  23 spiders
  5 porcupines
  2 wasps (Lair:8)
  2 sky beasts
  An eye of draining (D:14)
  36 orc warriors
  4 phantoms
  5 black bears
  3 ogres
  15 centaurs
  7 crocodiles
  3 big kobolds
  Blork the orc (Orc:4)
  17 giant frogs
  A water moccasin zombie (D:5)
  A wyvern zombie (D:14)
  26 killer bees
  A water moccasin skeleton (D:7)
  A scorpion (D:7)
  12 wights
  A wyvern skeleton (D:14)
  2 electric eels (Lair:8)
  9 hounds
  5 crimson imps
  3 jellies
  A giant frog skeleton (D:7)
  Crazy Yiuf (D:3)
  34 orc wizards
  4 quasits
  22 orc priests
  Jessica (D:3)
  5 iguanas
  8 worker ants
  21 sheep
  4 hound skeletons
  4 gnolls
  9 adders
  14 river rats
  2 shadow imps
  A white imp (D:5)
  An ooze (D:2)
  2 adder skeletons
  An adder zombie (D:5)
  12 worms
  5 giant geckos
  139 orcs
  10 giant cockroaches
  9 goblins
  5 hobgoblins
  12 kobolds
  5 quokkas
  5 ball pythons
  5 bats
  A giant gecko zombie (D:6)
  9 giant newts
  A goblin skeleton (D:5)
  A goblin zombie (D:5)
  A hobgoblin zombie (D:5)
  16 jackals
  An orc zombie (D:5)
  A quokka skeleton (D:8)
  11 rats
  7 ballistomycetes
  5 fungi
  9 giant spores
  A hyperactive ballistomycete (Lair:7)
  4 toadstools
974 creatures vanquished.

Vanquished Creatures (collateral kills)
  A deep elf master archer (Elf:3)
  The ghost of emiel the Martial Artist, an adept HuMo of Cheibriados (Elf:3)
  An orc warlord (Orc:3)
  4 deep elf annihilators (Elf:3)
  A deep elf demonologist (Elf:3)
  A deep elf death mage (Elf:3)
  2 vault guards (D:14)
  2 hydras (Lair:8)
  A centaur warrior (D:14)
  Erolcha (D:12)
  Erica (Orc:1)
  2 deep elf knights (Elf:2)
  3 wandering mushrooms
  A skeletal warrior (D:12)
  An unseen horror (D:14)
  A deep elf summoner (Elf:2)
  2 hill giants
  2 orc knights (Orc:4)
  An orc sorcerer (Elf:3)
  A deep elf conjurer (Elf:1)
  An ugly thing (D:12)
  An elephant (Lair:7)
  A cyclops (D:11)
  A black mamba (Lair:2)
  A torpor snail (Spider:3)
  3 spiny frogs
  A centaur skeleton (D:14)
  4 demonic crawlers
  A komodo dragon (Lair:4)
  A deep elf priest (Elf:2)
  A fire drake (Lair:2)
  4 polar bears
  A jumping spider (Spider:2)
  A two-headed ogre (D:9)
  A spriggan druid (Lair:8)
  2 blink frogs (Lair:7)
  A trapdoor spider (Spider:1)
  A shadow (D:13)
  6 redbacks
  A tarantella (Spider:3)
  8 spriggans (Lair:8)
  A deep elf mage (Elf:1)
  3 hippogriffs
  2 yaks
  7 deep elf fighters
  9 wolves (Lair:8)
  2 swamp worms (Lair:1)
  3 water moccasins
  A black bear (Lair:8)
  2 porcupines (Lair:1)
  A spider (Spider:2)
  10 orc warriors
  3 wasps
  2 ice beasts
  5 crocodiles
  A centaur (Bailey)
  An ogre (Orc:1)
  A big kobold (D:9)
  2 giant frogs
  A scorpion (D:14)
  2 killer bees (Lair:2)
  A wight (D:6)
  A jelly (D:9)
  5 orc priests
  13 orc wizards
  An iguana (Lair:2)
  7 sheep
  An adder (Lair:1)
  2 river rats
  2 gnolls (D:5)
  A shadow imp (D:6)
  A worm (Lair:1)
  21 orcs
  A jackal (D:9)
  A goblin skeleton (D:5)
  3 hobgoblin zombies (D:5)
  2 kobolds
  4 giant spores
  4 hyperactive ballistomycetes
  A toadstool (Orc:4)
203 creatures vanquished.

Vanquished Creatures (others)
  2 centaur warriors
  A wolf spider zombie (D:14)
  A griffon (D:15)
  An oklob plant (D:10)
  A trapdoor spider zombie (D:14)
  A wolf (D:6)
  52 wandering mushrooms
  A water moccasin (D:9)
  2 necrophages
  2 centaurs
  A hound (D:6)
  A worker ant zombie (D:10)
  A gnoll (D:5)
  A river rat (Lair:7)
  19 ballistomycetes
  A bush (Lair:8)
  19 fungi
  4 giant spores
  2 hyperactive ballistomycetes
  18 plants
  939 toadstools
1070 creatures vanquished.

Grand Total: 2247 creatures vanquished

Notes
Turn   | Place    | Note
--------------------------------------------------------------
     0 | D:1      | M4edhros the Octopode Artificer began the quest for the Orb.
     0 | D:1      | Reached XP level 1. HP: 13/13 MP: 3/3
   490 | D:1      | Reached XP level 2. HP: 18/18 MP: 4/4
   707 | D:1      | Reached skill level 1 in Slings
  1046 | D:2      | Reached XP level 3. HP: 23/23 MP: 5/5
  1225 | D:3      | Noticed Jessica
  1231 | D:3      | Killed Jessica
  1231 | D:3      | Reached skill level 4 in Evocations
  1231 | D:3      | Reached XP level 4. HP: 13/28 MP: 5/7
  1514 | D:4      | Found Zufruon's Antique Weapon Shop.
  1648 | D:4      | Noticed DLukey's ghost (amateur OpVM)
  1688 | D:5      | Entered Level 5 of the Dungeon
  1718 | D:4      | Reached XP level 5. HP: 14/33 MP: 8/8
  2088 | D:5      | Noticed a phantom
  2180 | D:5      | Found a glowing golden altar of the Shining One.
  2368 | D:6      | Noticed an orc warrior
  2379 | D:6      | Noticed a wolf
  2379 | D:6      | an orc warrior changed into a wolf
  2385 | D:6      | Reached XP level 6. HP: 21/38 MP: 9/9
  2403 | D:6      | a wolf (ally) was killed
  2861 | D:6      | Reached skill level 5 in Evocations
  2869 | D:6      | Reached skill level 5 in Stealth
  2915 | D:6      | Noticed an ice beast
  2928 | D:6      | Killed an ice beast
  2928 | D:6      | Reached XP level 7. HP: 37/43 MP: 9/11
  3236 | D:4      | Found a basalt altar of Yredelemnul.
  3368 | D:4      | Noticed Robin
  4010 | D:7      | Noticed a hungry ghost
  4056 | D:7      | Noticed a hungry ghost
  4065 | D:7      | Killed a hungry ghost
  4065 | D:7      | Reached skill level 6 in Stealth
  4200 | D:7      | Noticed a wyvern
  4211 | D:7      | Found a staircase to the Ecumenical Temple.
  4219 | Temple   | Entered the Ecumenical Temple
  4452 | D:7      | Killed a wyvern
  4452 | D:7      | Reached XP level 8. HP: 48/48 MP: 12/12
  4898 | D:5      | Found an ancient bone altar of Kikubaaqudgha.
  4990 | D:5      | Killed a phantom
  5054 | D:5      | Reached skill level 1 in Shields
  5396 | D:3      | Found an opulent altar of Gozag.
  5593 | D:3      | Noticed Crazy Yiuf
  5600 | D:3      | Killed Crazy Yiuf
  5740 | D:2      | Found a faded altar to an unknown god.
  5813 | D:2      | Reached skill level 7 in Stealth
  7491 | D:7      | Noticed lucasterio's ghost (novice GrEE)
  7561 | D:7      | Found a glowing golden altar of the Shining One.
  7595 | D:7      | Reached skill level 5 in Dodging
  7650 | D:8      | Found a blossoming altar of Fedhas.
  7687 | D:8      | Became a worshipper of Fedhas Madash
  7737 | D:8      | Found a shimmering altar of Xom.
  7749 | D:8      | Fell from the grace of Fedhas
  7749 | D:8      | Became a worshipper of Xom of Chaos
  7777 | D:8      | Fell from the grace of Xom
  7777 | D:8      | Became a worshipper of Fedhas Madash
  7847 | D:8      | Reached skill level 5 in Slings
  7848 | D:8      | XOM: 1-stop teleportation journey
  7849 | D:8      | Noticed Statics's ghost (novice DrMo)
  7998 | D:8      | Gained mutation: Your flesh is heat resistant. [potion of beneficial mutation]
  8004 | D:8      | Noticed Psyche
  8017 | D:8      | Killed Psyche
  8017 | D:8      | Reached XP level 9. HP: 43/55 MP: 10/14
  8049 | D:8      | Reached skill level 8 in Stealth
  8417 | D:7      | Noticed a hippogriff
  8531 | D:7      | Killed a hippogriff
  8592 | D:7      | XOM: give mutation
  8592 | D:7      | Gained mutation: You regenerate slowly when monsters are visible. [Xom's mischief]
  8643 | D:7      | XOM: give mutations
  8643 | D:7      | Gained mutation: You can spit weak poison. [Xom's mischief]
  8643 | D:7      | Gained mutation: You are frail (-10% HP). [Xom's mischief]
  8643 | D:7      | Gained mutation: You occasionally shout uncontrollably at your foes. [Xom's mischief]
  8676 | D:7      | XOM: give mutations
  8676 | D:7      | Gained mutation: Your system is resistant to poisons. [Xom's mischief]
  8676 | D:7      | Gained mutation: You are agile. (Dex +2) [Xom's mischief]
  8867 | D:8      | XOM: torment (30/51 hp)
  9003 | D:8      | Found a burning altar of Makhleb.
  9184 | D:6      | XOM: medium Chrm miscast
  9191 | D:6      | XOM: stat loss: -3 Dex (12/15)
  9257 | D:7      | Killed a hungry ghost
  9290 | D:7      | Noticed a five-headed hydra
  9299 | D:7      | Killed a five-headed hydra
  9299 | D:7      | Reached skill level 9 in Stealth
  9299 | D:7      | Reached XP level 10. HP: 57/57 MP: 14/16
  9586 | D:7      | XOM: give mutations
  9586 | D:7      | Lost mutation: You can spit weak poison. [Xom's mischief]
  9586 | D:7      | Gained mutation: You have very sharp teeth. [Xom's mischief]
  9586 | D:7      | Lost mutation: You occasionally shout uncontrollably at your foes. [Xom's mischief]
 10112 | D:8      | XOM: medium Tloc miscast
 10350 | D:8      | Noticed a three-headed hydra
 10391 | D:9      | Reached * piety under Fedhas
 10401 | D:9      | Found a staircase to the Lair.
 10551 | D:9      | Reached skill level 5 in Fighting
 10600 | D:9      | XOM: noise
 10643 | D:9      | Found a staircase to the Orcish Mines.
 10694 | D:9      | Noticed Joseph
 10728 | D:9      | Killed Joseph
 10728 | D:9      | Reached skill level 10 in Stealth
 11288 | D:10     | Entered Level 10 of the Dungeon
 11305 | D:10     | Reached skill level 5 in Shields
 11452 | D:8      | Reached skill level 1 in Invocations
 11456 | D:8      | Gained mutation: Your body sometimes deteriorates upon taking damage. [mutagenic meat]
 11458 | D:8      | Gained mutation: Your flesh is very heat resistant. [mutagenic meat]
 11459 | D:8      | Gained mutation: You possess an exceptional clarity of mind. [mutagenic meat]
 11461 | D:8      | Gained mutation: You can spit weak poison. [mutagenic meat]
 11746 | D:10     | Noticed a hill giant
 11775 | D:10     | Killed a hill giant
 11775 | D:10     | HP: 1/59 [orc wizard/magic dart (9)]
 11839 | D:10     | Reached XP level 11. HP: 12/63 MP: 17/17
 12221 | D:10     | XOM: polymorph wandering mushroom -> oklob plant
 12344 | D:10     | XOM: summons 3 hostile demons
 12777 | D:10     | XOM: mild Ice miscast
 12823 | D:10     | Killed an unseen horror
 12997 | D:10     | Identified a scroll of acquirement
 12999 | D:10     | Identified a +1 rod of clouds (9/9) (You acquired it on level 10 of the Dungeon)
 13040 | D:10     | XOM: medium Trmt miscast
 13065 | D:10     | Gained mutation: You are very frail (-20% HP). [mutagenic glow]
 13135 | D:10     | Gained mutation: Scrolls take you a little longer to read. [mutagenic glow]
 13189 | D:10     | XOM: medium Pois miscast
 13348 | D:10     | Noticed a centaur warrior
 13357 | D:10     | Killed a centaur warrior
 14031 | D:11     | Noticed a hill giant
 14042 | D:11     | Killed a hill giant
 14048 | D:11     | XOM: 1-stop teleportation journey
 14146 | D:11     | Noticed M4edhros's ghost (journeyman OpAr)
 14167 | D:11     | Killed M4edhros's ghost
 14167 | D:11     | Reached skill level 5 in Invocations
 14566 | D:11     | Reached skill level 11 in Stealth
 14662 | D:12     | Noticed Erolcha
 14679 | D:12     | Killed Erolcha
 14694 | D:12     | Gained mutation: You can spit poison. [mutagenic meat]
 14696 | D:12     | Gained mutation: Your spells are a little harder to cast, but a little more powerful. [mutagenic meat]
 14726 | D:12     | XOM: give mutations
 14726 | D:12     | Lost mutation: You can spit poison. [Xom's mischief]
 14726 | D:12     | Lost mutation: You are very frail (-20% HP). [Xom's mischief]
 14726 | D:12     | Lost mutation: You have very sharp teeth. [Xom's mischief]
 14726 | D:12     | Lost mutation: You are frail (-10% HP). [Xom's mischief]
 14736 | D:12     | Found a flagged portal.
 14758 | Bailey   | Entered a bailey
 14844 | Bailey   | Reached ** piety under Fedhas
 15433 | Bailey   | XOM: chaos upgrade
 15813 | Bailey   | Reached XP level 12. HP: 68/77 MP: 19/19
 15822 | Bailey   | XOM: summons 4 hostile demons
 16055 | Bailey   | Got an ancient quarterstaff
 16116 | D:12     | Noticed a skeletal warrior
 16116 | D:12     | Noticed a skeletal warrior
 16205 | D:12     | XOM: medium Chrm miscast
 16455 | D:12     | Noticed a skeletal warrior
 16471 | D:12     | Killed a skeletal warrior
 16471 | D:12     | Reached skill level 10 in Evocations
 16635 | D:10     | XOM: mild Summ miscast
 16635 | D:10     | Was forgiven by Xom
 16710 | Orc:1    | Entered Level 1 of the Orcish Mines
 16715 | Orc:1    | Noticed Erica
 16743 | Orc:1    | Killed Erica
 17524 | Orc:2    | Reached *** piety under Fedhas
 17787 | Orc:2    | Noticed Nergalle
 17799 | Orc:2    | Killed Nergalle
 18349 | Orc:3    | Found an iron altar of Okawaru.
 18433 | Orc:3    | Found a roughly hewn altar of Beogh.
 18660 | Orc:4    | Entered Level 4 of the Orcish Mines
 18664 | Orc:4    | Found a labyrinth entrance.
 18681 | Lab      | Entered a labyrinth
 18875 | Lab      | Noticed a minotaur
 18940 | Lab      | Killed a minotaur
 19026 | Lab      | Identified a +3 rod of clouds (11/14) (You took it off a minotaur in a labyrinth)
 19063 | Lab      | Got a steaming morningstar
 19183 | Orc:4    | Found a staircase to the Elven Halls.
 19250 | Orc:3    | Reached skill level 1 in Spellcasting
 19268 | Orc:3    | Reached **** piety under Fedhas
 19903 | Orc:4    | Noticed an orc warlord
 20395 | Orc:3    | Killed an orc warlord
 20395 | Orc:3    | Reached skill level 12 in Stealth
 20470 | Orc:4    | Noticed an orc high priest
 20486 | Orc:4    | Killed an orc high priest
 20541 | Orc:4    | Reached XP level 13. HP: 64/81 MP: 18/20
 20549 | Orc:4    | Noticed Blork the orc
 20555 | Orc:4    | Killed Blork the orc
 20737 | Orc:4    | Found a roughly hewn altar of Beogh.
 20823 | Orc:4    | Found Doal's Antique Weapon Shop.
 20826 | Orc:4    | Found Ruel Vugh's Book Shop.
 20835 | Orc:4    | Found Radejacu's Antique Armour Shop.
 20888 | Orc:4    | Found Kaisaqur's General Store.
 20897 | Orc:4    | Bought a scroll of recharging for 142 gold pieces
 20952 | Orc:4    | Bought a shiny buckler for 81 gold pieces
 20972 | Orc:4    | Bought a book of Air for 490 gold pieces
 20975 | Orc:4    | Learned a level 2 spell: Repel Missiles
 20978 | Orc:4    | Learned a level 2 spell: Swiftness
 21129 | Orc:4    | Bought 28 sling bullets for 210 gold pieces
 21129 | Orc:4    | Bought 20 sling bullets for 150 gold pieces
 21327 | Lair:1   | Entered Level 1 of the Lair of Beasts
 21754 | Lair:1   | You fall through a shaft!
 22920 | Lair:2   | Reached skill level 1 in Charms
 23678 | Lair:2   | Reached skill level 1 in Air Magic
 23866 | Lair:2   | Got a crude pewter ring
 23890 | Lair:2   | Identified the cursed ring of Brilliance {*Drain rPois rF+++ Str+3 Dex-3} (You found it on level 2 of the Lair of Beasts)
 24116 | Lair:2   | Reached skill level 13 in Stealth
 24176 | Lair:2   | Reached ***** piety under Fedhas
 24543 | Lair:3   | Noticed Urug
 24551 | Lair:3   | Killed Urug
 25311 | Lair:4   | Found a staircase to the Shoals.
 25405 | Lair:4   | Reached XP level 14. HP: 83/88 MP: 22/22
 25418 | Lair:4   | Found a hole to the Spider Nest.
 25682 | Lair:4   | Identified the +4 quarterstaff "Ebrus" {drain, Int+4} (You found it in a bailey)
 25684 | Lair:4   | Identified the +6 morningstar of Ytuijesch {pain, MP+9 Str+2 Dex+5} (You found it in a labyrinth)
 26125 | Lair:4   | Reached skill level 10 in Invocations
 27544 | Lair:6   | Found a staircase to the Slime Pits.
 27596 | Lair:6   | Noticed Rupert
 27639 | Lair:6   | Killed Rupert
 27995 | Lair:7   | Reached skill level 10 in Dodging
 28619 | Lair:8   | Entered Level 8 of the Lair of Beasts
 28841 | Lair:8   | Reached skill level 10 in Slings
 29297 | Lair:8   | Reached ****** piety under Fedhas
 29590 | Lair:8   | Reached XP level 15. HP: 86/92 MP: 23/23
 29990 | Lair:8   | Reached skill level 14 in Stealth
 31195 | Elf:1    | Entered Level 1 of the Elven Halls
 31205 | Elf:1    | Reached skill level 5 in Spellcasting
 31326 | Elf:1    | Found Ybanof's Food Shop.
 31355 | Elf:1    | Bought 3 fruits for 58 gold pieces
 31397 | Elf:1    | Got an ichor-stained flail
 31637 | Elf:1    | Identified the Incunabulum of Attacks
 32289 | Elf:2    | Reached skill level 5 in Air Magic
 32592 | Elf:2    | Reached skill level 5 in Charms
 32964 | Elf:3    | Entered Level 3 of the Elven Halls
 33509 | Elf:3    | Noticed a deep elf sorcerer
 33518 | Elf:3    | Killed a deep elf sorcerer
 33608 | Elf:3    | Noticed emiel's ghost (adept HuMo)
 33645 | Elf:3    | Noticed a deep elf sorcerer
 33655 | Elf:3    | Killed a deep elf sorcerer
 34131 | Elf:3    | Reached XP level 16. HP: 56/98 MP: 25/25
 34594 | Elf:3    | Noticed a deep elf blademaster
 34607 | Elf:3    | Noticed a deep elf sorcerer
 34616 | Elf:3    | Killed a deep elf sorcerer
 34618 | Elf:3    | Killed emiel's ghost
 34626 | Elf:3    | Noticed a deep elf sorcerer
 34633 | Elf:3    | Noticed a deep elf master archer
 34640 | Elf:3    | Killed a deep elf sorcerer
 34640 | Elf:3    | Reached skill level 15 in Stealth
 34649 | Elf:3    | Noticed a deep elf sorcerer
 34650 | Elf:3    | Killed a deep elf master archer
 34677 | Elf:3    | Killed a deep elf sorcerer
 34695 | Elf:3    | Killed a deep elf blademaster
 34856 | Elf:3    | Reached skill level 10 in Shields
 34880 | Elf:3    | Noticed an Executioner
 34992 | Elf:3    | Got a slimy wooden ring
 34995 | Elf:3    | Identified the ring "Tanninn" {rN+ Stlth-} (You took it off a deep elf annihilator on level 3 of the Elven Halls)
 35144 | Elf:3    | Identified Uneynom's Almanac of Talismans
 35149 | Elf:3    | Identified the Volume of Dusty Transformation
 35159 | Elf:3    | Identified the Almanac of Harmful Air
 35165 | Elf:3    | Learned a level 3 spell: Mephitic Cloud
 35167 | Elf:3    | Identified Kosimer's Tome of Cold
 35199 | Elf:3    | Got a scorched whip
 35205 | Elf:3    | Identified the +6 whip of the Undead {flame, rElec} (You found it on level 3 of the Elven Halls)
 35209 | Elf:3    | Identified the cursed +1 flail "Xiyrudee" {freeze, +Blink} (You found it on level 1 of the Elven Halls)
 35238 | Elf:3    | Learned a level 5 spell: Silence
 35242 | Elf:3    | Learned a level 3 spell: Stone Arrow
 35261 | Elf:3    | Learned a level 2 spell: Stoneskin
 36116 | D:12     | Killed a skeletal warrior
 36117 | D:12     | Killed a skeletal warrior
 36586 | D:12     | Noticed a four-headed hydra
 36597 | D:12     | Killed a four-headed hydra
 36597 | D:12     | Reached skill level 1 in Conjurations
 36987 | D:13     | Identified a +2 rod of ignition (14/14) (You took it off a deep elf annihilator on level 3 of the Elven Halls)
 37179 | D:13     | Reached skill level 1 in Poison Magic
 37775 | D:14     | Noticed Agnes
 37789 | D:14     | Reached skill level 1 in Hexes
 37809 | D:14     | Reached skill level 1 in Transmutations
 37817 | D:14     | Reached skill level 1 in Earth Magic
 37856 | D:14     | Noticed Maud
 37879 | D:14     | Killed Maud
 38271 | D:14     | Killed Agnes
 38282 | D:14     | Found a gate to the Vaults.
 38668 | D:14     | Reached XP level 17. HP: 86/103 MP: 27/27
 38919 | D:15     | Entered Level 15 of the Dungeon
 39570 | D:15     | Found Tiyrch's Armour Emporium.
 39587 | D:15     | Bought a +2 hat for 224 gold pieces
 39789 | D:15     | Noticed Roxanne
 40326 | Spider:1 | Entered Level 1 of the Spider Nest
 40850 | Spider:1 | You fall through a shaft!
 41017 | Spider:2 | Noticed Arachne
 41030 | Spider:2 | Killed Arachne
 43388 | Spider:3 | Lost mutation: Your spells are a little harder to cast, but a little more powerful. [potion of mutation]
 43388 | Spider:3 | Lost mutation: You can spit weak poison. [potion of mutation]
 44302 | Spider:3 | Slain by a ghost moth

Action                   |  1- 3 |  4- 6 |  7- 9 | 10-12 | 13-15 | 16-18 || total
-------------------------+-------+-------+-------+-------+-------+-------++-------
Melee: Short sword       |     5 |       |     8 |       |       |       ||    13
       Hunting sling     |     9 |    25 |     4 |       |       |       ||    38
       Flail             |       |    22 |   186 |   100 |       |       ||   308
       Dagger            |       |       |    16 |   136 |   140 |     6 ||   298
       Trident           |       |       |       |    22 |   266 |    56 ||   344
 Fire: Hunting sling     |    71 |   137 |   166 |   894 |  1003 |  1003 ||  3274
Throw: Throwing net      |       |       |     3 |     1 |       |       ||     4
       Stone             |       |       |       |       |    18 |       ||    18
 Cast: Swiftness         |       |       |       |       |     1 |     2 ||     3
       Repel Missiles    |       |       |       |       |     3 |     4 ||     7
       Mephitic Cloud    |       |       |       |       |       |     9 ||     9
Invok: Evolution         |       |       |       |    24 |    27 |    24 ||    75
       Sunlight          |       |       |       |     3 |    10 |     6 ||    19
       Reproduction      |       |       |       |     1 |     4 |     3 ||     8
       Rain              |       |       |       |       |       |     3 ||     3
       Growth            |       |       |       |       |       |     1 ||     1
Evoke: Wand              |       |    14 |    12 |    22 |     5 |     6 ||    59
       Rod               |       |       |       |    19 |    36 |    24 ||    79
       Lamp of fire      |       |       |       |       |       |     1 ||     1
  Use: Scroll            |       |     4 |     8 |    11 |    14 |     9 ||    46
       Potion            |       |     1 |     8 |     8 |     9 |     4 ||    30
 Stab: Sleeping          |     1 |       |    23 |    17 |    33 |     3 ||    77
       Paralysed         |       |       |     3 |     8 |       |       ||    11
       Invisible         |       |       |     2 |     1 |       |       ||     3
       Distracted        |       |       |     1 |     1 |       |       ||     2
       Confused          |       |       |       |     1 |     4 |       ||     5
       Petrifying        |       |       |       |       |     1 |       ||     1
  Eat: Chunk             |       |     6 |    15 |    11 |    20 |     3 ||    55
       Meat ration       |       |       |     3 |     5 |     2 |     3 ||    13
       Beef jerky        |       |       |       |     2 |     3 |     2 ||     7
       Bread ration      |       |       |       |     2 |     2 |     4 ||     8
       Royal jelly       |       |       |       |     1 |     8 |       ||     9
       Pizza             |       |       |       |       |     2 |     2 ||     4
